 Dungeon Crawl Stone Soup version 0.24.0-13-gcf9b319 (webtiles) character file.

Game seed: 9651376354649138719, levelgen mode: deterministic

3293 Chaoticas the Carver (level 9, -1/58 HPs)
             Began as a Demonspawn Fighter on Feb 5, 2020.
             Was an Elder of Hepliaklqana.
             Killed from afar by an electric eel (7 damage)
             ... with a bolt of electricity
             ... on level 9 of the Dungeon.
             The game lasted 00:21:42 (8465 turns).

Chaoticas the Carver (Demonspawn Fighter)           Turns: 8465, Time: 00:21:42

Health: -1/58      AC: 22    Str: 23    XL:     9   Next: 69%
Magic:  0/9        EV:  6    Int: 10    God:    Hepliaklqana [****..]
Gold:   665        SH: 11    Dex: 14    Spells: 8/8 levels left

rFire    . . .     SeeInvis +   P - +1 double sword (protect)
rCold    . . .     Gourm    .   c - +0 shield
rNeg     . . .     Faith    .   D - +3 chain mail
rPois    .         Spirit   +   b - +0 hat {SInv}
rElec    .         Reflect  .   L - +0 cloak
rCorr    .         Harm     .   y - +0 pair of gloves
MR       .....                  (boots unavailable)
Stlth    ..........             (no amulet)
HPRegen  0.19/turn              n - +2 ring of dexterity
MPRegen  0.11/turn              G - +3 ring of strength

@: protection aura
A: reduced essence, claws 1, hooves 3, powered by pain 1, magic shield
a: Recall Ancestor, Ancestor Identity, Transference, Idealise, Renounce Religion


You were on level 9 of the Dungeon.
You worshipped Hepliaklqana.
Hepliaklqana was greatly pleased with you.
You were hungry.

You visited 1 branch of the dungeon, and saw 9 of its levels.
You also visited: Sewer.

You collected 665 gold pieces.

Inventory:

Hand Weapons
 a - a +1 long sword
 I - a +1 trident of piercing
   (You took it off an orc priest on level 7 of the Dungeon)
 J - the +9 quarterstaff of the Weasel {flame, rF+, unknown}
   (You found it on level 8 of the Dungeon)

   It has been specially enchanted to burn those struck by it, causing extra
   injury to most foes and up to half again as much damage against particularly
   susceptible opponents.
   It protects you from fire.
 P - a +1 double sword of protection (weapon)
   (You acquired it on level 8 of the Dungeon)
Missiles
 s - 33 poisoned darts (quivered)
 M - 2 javelins
Armour
 b - a +0 hat of see invisible (worn)
   (You found it on level 5 of the Dungeon)
 c - a +0 shield (worn)
 w - a +0 plate armour
   (You found it on level 5 of the Dungeon)
 y - a +0 pair of gloves (worn)
   (You found it on level 4 of the Dungeon)
 D - a +3 chain mail (worn)
   (You took it off an orc on level 3 of the Dungeon)
 H - the +2 ring mail of Integrity {MR++ rCorr MP+9 Int-4}
   (You found it on level 7 of the Dungeon)

   It affects your intelligence (-4).
   It affects your resistance to hostile enchantments.
   It affects your magic capacity (+9).
   It provides partial protection from all sources of acid and corrosion.
 L - a +0 cloak (worn)
   (You took it off Crazy Yiuf on level 7 of the Dungeon)
Jewellery
 f - an uncursed amulet of rage
   (You found it on level 2 of the Dungeon)
 n - a +2 ring of dexterity (left hand)
   (You found it on level 2 of the Dungeon)
 A - a cursed ring of wizardry
   (You found it on level 4 of the Dungeon)
 E - an uncursed ring of positive energy
   (You found it on level 6 of the Dungeon)
 G - a +3 ring of strength (right hand)
   (You found it on level 7 of the Dungeon)
 O - an uncursed ring of fire
   (You found it on level 8 of the Dungeon)
Wands
 r - a wand of polymorph (12)
   (You found it on level 6 of the Dungeon)
 u - a wand of paralysis (4)
   (You took it off an orc priest on level 7 of the Dungeon)
Scrolls
 j - a scroll of fear
 m - a scroll of fog
 o - 4 scrolls of remove curse {@r2}
 x - a scroll of blinking
 B - 2 scrolls of enchant weapon
Potions
 d - a potion of might
 g - 4 potions of degeneration {unknown}
 h - 2 potions of haste {unknown}
 i - 3 potions of brilliance
 k - 6 potions of curing {@q1}
 l - a potion of ambrosia {unknown}
 p - a potion of lignification {unknown}
 t - 2 potions of berserk rage {unknown}
 v - 3 potions of flight
 z - 2 potions of heal wounds {@q2}
 C - 2 potions of resistance {unknown}
 K - 2 potions of magic {unknown}
 N - 2 potions of agility {unknown}
Miscellaneous
 F - a fan of gales
   (You found it in a sewer)
Comestibles
 e - 19 rations {!d}


   Skills:
 - Level 4.0 Fighting
 * Level 9.9 Long Blades
 + Level 6.0 Armour
 + Level 6.0 Shields


You had 8 spell levels left.
You didn't know any spells.
Your spell library contained the following spells:

 Spells                   Type           Power        Failure   Level  Hunger
 Animate Skeleton         Necr           N/A          100%        1    ##.....
 Apportation              Tloc           #.....       100%        1    ##.....
 Confusing Touch          Hex            #.....       100%        1    ##.....
 Magic Dart               Conj           #...         100%        1    ##.....
 Shock                    Conj/Air       #...         100%        1    ##.....
 Summon Small Mammal      Summ           #...         100%        1    ##.....
 Blink                    Tloc           N/A          100%        2    ###....
 Call Imp                 Summ           #.......     100%        2    ###....
 Slow                     Hex            #.......     100%        2    ###....
 Swiftness                Chrm/Air       #.......     100%        2    ###....
 Conjure Flame            Conj/Fire      #.......     100%        3    ####...
 Mephitic Cloud           Conj/Pois/Air  #.......     100%        3    ####...
 Static Discharge         Conj/Air       #.......     100%        3    ####...
 Airstrike                Air            #.........   100%        4    #####..
 Lightning Bolt           Conj/Air       #.........   100%        5    ######.


Dungeon Overview and Level Annotations

Branches:
Dungeon (9/15)             Temple (0/1) D:7           Sewer (visited)
   Lair: D:8-11         Orc: D:9-12

Altars:
Cheibriados
Fedhas
Gozag
Hepliaklqana
Makhleb
Trog
Vehumet
Yredelemnul
Zin

Annotations:
D:3 2 transporters


Innate Abilities, Weirdness & Mutations

You have sharp fingernails.
You have hooves in place of feet.
You sometimes gain a little power by taking damage.
When hurt, damage is shared between your health and your magic reserves.
Your life essence is reduced to manifest your ancestor. (-10% HP)


Message History

The orc priest mumbles some strange prayers to Beogh against you.
Beogh smites you!
You focus on the pain.
You feel your power returning.
The orc wizard points at you and mumbles some strange words.
You are confused.
Items here: % ) [ ÷ a +0 short sword; a +0 plate armour; a chunk of flesh; an orc skeleton You bump into the rock wall.
The orc priest invokes the aid of Beogh against you.
Beogh smites you!
* * * LOW HITPOINT WARNING * * *
You focus on the pain.
You feel your power returning.
An orc priest comes into view. It is wielding a +0 club.
The orc priest shouts!
An electric eel comes into view.
You hit Kristy.
Your weapon exudes an aura of protection.
Your shield and chain mail prevent you from hitting Kristy.
You miss Kristy.
The orc priest hits you but does no damage.
You bump into the rock wall.
You feel less confused.
The orc wizard hits you but does no damage.
The electric eel shoots out a bolt of lightning at you!
The bolt of electricity hits the orc priest!
The bolt of electricity misses you.
The bolt of electricity hits Kristy!
The orc priest hits you but does no damage.
The orc priest looks braver for a moment.
You slash the orc priest!
Your weapon exudes an aura of protection.
You kill the orc priest!
You block the orc wizard's attack.
You slice the orc wizard!!
You kill the orc wizard!
The electric eel shoots out a bolt of lightning at you!
The bolt of electricity hits you!
* * * LOW HITPOINT WARNING * * *
You focus on the pain.
You feel your power returning.
The bolt of electricity hits Kristy!
You swap places.
The electric eel shoots out a bolt of lightning at you!
The bolt of electricity misses Kristy.
The bolt of electricity hits you!
* * * LOW HITPOINT WARNING * * *
The orc priest invokes the aid of Beogh against you.
Beogh smites you!
* * * LOW HITPOINT WARNING * * *
Items here: % ) [ ÷ a +0 short sword; a +0 plate armour; a chunk of flesh; an orc skeleton The electric eel shoots out a bolt of lightning at you!
The bolt of electricity hits Kristy!
The bolt of electricity hits you!
You die...

'.≈≈ #. #o≈≈
#. ##≈≈.#.
.....#.
##≈≈...
#.≈≈...
+o≈≈...#####
≈≈8;..R.)@.#
≈≈≈8..####.#
..... ##.#
.... #..#
### #.## #.#
#.# #.# #.#


You could see the friendly Kristy the hexer and an electric eel.

Vanquished Creatures
  A hungry ghost (D:6)
  Menkaure (D:7)
  An orc warrior (D:9)
  A sky beast (D:7)
  2 ogres
  2 centaurs
  2 big kobolds
  A bullfrog (Sewer)
  A scorpion (D:7)
  12 killer bees
  A crimson imp (D:7)
  2 howler monkeys
  A quasit (D:7)
  2 orc priests
  A jelly (D:6)
  2 orc wizards
  Crazy Yiuf (D:7)
  2 hounds
  2 iguanas
  An iron imp (D:7)
  A centaur skeleton (D:5)
  Natasha (thrice) (D:2)
  3 worker ants
  2 killer bee zombies (D:7)
  2 worker ant zombies
  3 gnolls (D:3)
  8 adders
  A shadow imp (D:6)
  A worm (D:2)
  8 leopard geckos
  7 orcs
  2 ball pythons
  5 bats
  10 giant cockroaches
  2 gnoll zombies (D:6)
  6 jackals
  A quokka (D:6)
  5 frilled lizards
  3 goblins (D:1)
  11 kobolds
  A leopard gecko zombie (D:6)
  A quokka zombie (D:7)
  4 rats
129 creatures vanquished.

Vanquished Creatures (collateral kills)
  A hippogriff (D:8)
  An ice beast (D:6)
  3 ogres
  A killer bee (D:7)
  4 orc priests
  A hound (D:5)
  An orc wizard (D:6)
  3 worker ants
  5 adders
  2 leopard geckos
  9 orcs
  2 ball pythons (Sewer)
  4 giant cockroaches (D:6)
  3 jackals (D:3)
  A kobold (D:8)
41 creatures vanquished.

Vanquished Creatures (others)
  4 hexers
  An ancestor (D:3)
5 creatures vanquished.

Grand Total: 175 creatures vanquished

Notes
Turn   | Place    | Note
-------+----------+-------------------------------------------
     0 | D:1      | Chaoticas the Demonspawn Fighter began the quest for the
                  | Orb.
     0 | D:1      | Reached XP level 1. HP: 18/18 MP: 1/1
    97 | D:1      | Reached skill level 2 in Long Blades
   204 | D:1      | Gained mutation: You sometimes gain a little power by
                  | taking damage. [demonic ancestry]
   204 | D:1      | Reached XP level 2. HP: 23/24 MP: 2/2
   882 | D:2      | Found a glowing silver altar of Zin.
   891 | D:2      | Found a blossoming altar of Fedhas.
   911 | D:2      | Found an opulent altar of Gozag.
   979 | D:2      | Noticed Natasha
   982 | D:2      | Noticed a crimson imp
   984 | D:2      | Killed Natasha
   984 | D:2      | Reached skill level 3 in Long Blades
   984 | D:2      | Gained mutation: You have large cloven feet. [demonic
                  | ancestry]
   984 | D:2      | Reached XP level 3. HP: 26/29 MP: 3/3
  1132 | D:2      | Found a radiant altar of Vehumet.
  1168 | D:2      | Noticed Natasha
  1178 | D:2      | Killed Natasha
  1178 | D:2      | Reached XP level 4. HP: 19/37 MP: 4/4
  1228 | D:2      | Noticed Natasha
  1335 | D:2      | Killed Natasha
  1388 | D:2      | Found a hazy altar of Hepliaklqana.
  1389 | D:2      | Found a snail-covered altar of Cheibriados.
  1402 | D:2      | Became a worshipper of Hepliaklqana the Forgotten
  1949 | D:3      | Reached skill level 4 in Long Blades
  2222 | D:3      | Found a burning altar of Makhleb.
  2222 | D:3      | Noticed a hippogriff
  2229 | D:3      | Gained mutation: You have hoof-like feet. [demonic
                  | ancestry]
  2229 | D:3      | Reached XP level 5. HP: 37/37 MP: 5/5
  2236 | D:3      | Reached * piety under Hepliaklqana
  2247 | D:3      | Found a transporter.
  2251 | D:3      | Found a transporter.
  2805 | D:4      | Noticed an ogre
  2813 | D:4      | Killed an ogre
  2813 | D:4      | Reached skill level 5 in Long Blades
  2813 | D:4      | Gained mutation: You have sharp fingernails. [demonic
                  | ancestry]
  2813 | D:4      | Reached XP level 6. HP: 14/43 MP: 6/6
  3081 | D:4      | Found a bloodstained altar of Trog.
  3578 | D:4      | Reached skill level 6 in Long Blades
  4170 | D:5      | Entered Level 5 of the Dungeon
  4182 | D:5      | Reached ** piety under Hepliaklqana
  4183 | D:5      | Remembered your ancestor Kristy as a hexer
  4627 | D:5      | Gained mutation: You have hooves in place of feet. [demonic
                  | ancestry]
  4627 | D:5      | Reached XP level 7. HP: 45/48 MP: 7/7
  5291 | D:6      | Reached *** piety under Hepliaklqana
  5328 | D:6      | Found a basalt altar of Yredelemnul.
  5436 | D:6      | Found a glowing drain.
  5511 | Sewer    | Entered a sewer
  5722 | Sewer    | Reached skill level 7 in Long Blades
  6112 | D:6      | Noticed a hungry ghost
  6124 | D:6      | Killed a hungry ghost
  6124 | D:6      | Reached XP level 8. HP: 54/54 MP: 8/8
  6156 | D:6      | Reached **** piety under Hepliaklqana
  6603 | D:7      | Got an ichor-stained ring mail
  6615 | D:7      | Reached skill level 8 in Long Blades
  6671 | D:7      | Found a runed translucent door.
  6672 | D:7      | Noticed Crazy Yiuf
  6918 | D:7      | Noticed Menkaure
  6930 | D:7      | Killed Menkaure
  7157 | D:7      | Found a staircase to the Ecumenical Temple.
  7164 | D:7      | Reached skill level 5 in Shields
  7249 | D:7      | Reached skill level 5 in Armour
  7250 | D:7      | Found a snail-covered altar of Cheibriados.
  7308 | D:7      | Gained mutation: When hurt, damage is shared between your
                  | health and your magic reserves. [demonic ancestry]
  7308 | D:7      | Reached XP level 9. HP: 46/58 MP: 9/9
  7525 | D:7      | Paralysed by an orc priest for 3 turns
  7667 | D:7      | Killed Crazy Yiuf
  7667 | D:7      | Reached skill level 9 in Long Blades
  8148 | D:8      | Got a crude quarterstaff
  8240 | D:8      | Identified the +2 ring mail of Integrity {MR++ rCorr MP+9
                  | Int-4} (You found it on level 7 of the Dungeon)
  8367 | D:8      | Identified a scroll of acquirement
  8465 | D:9      | Killed from afar by an electric eel

Levels and vault maps discovered:
D:1:      nzn_arrival_depleted_hourglass, layout_basic
D:2:      layout_loops_ring, nicolae_gozag_seed_capital, lemuel_doored_altar,
          zin_statuary, gammafunk_temple_overflow_statue, fedhas_altar_2,
          uniq_natasha
D:3:      layout_loops_ring, gammafunk_temple_overflow_arena, minivault_24,
          wad_orctagon
D:4:      layout_layer_cave, nicolae_overflow_crystal_walls, first_ration
D:5:      layout_basic
D:6:      layout_cave_pods, lemuel_zombie_altar_yredelemnul,
          gup_sewer_entry_glass, minmay_misc_feat_x
D:7:      layout_rooms, minmay_temple_entry_junction, chei_slow_surprise,
          uniq_menkaure, uniq_crazy_yiuf_cottage
D:8:      layout_loops_ring
D:9:      layout_loops_ring, erik_orc_2, grunt_ministairs_6

Skill      XL: |  1  2  3  4  5  6  7  8  9 |
---------------+----------------------------+-----
Long Blades    | 2 3 4 5 6 7 8 9 |  9.9
Fighting       | 4 |  4.0
Armour         | 3 5 6 |  6.0
Shields        | 3 5 6 |  6.0

Action                   |  1- 3 |  4- 6 |  7- 9 || total
-------------------------+-------+-------+-------++-------
Melee: Long sword        |    76 |   126 |   227 ||   429
       Kick              |     1 |    34 |    89 ||   124
       Double sword      |       |       |    36 ||    36
Throw: Dart              |       |     2 |       ||     2
Invok: Ancestor Identity |       |     1 |       ||     1
       Recall Ancestor   |       |     1 |       ||     1
       Ancestor Life: He |       |     1 |       ||     1
  Use: Scroll            |     2 |    11 |     9 ||    22
 Stab: Distracted        |       |     1 |       ||     1
       Confused          |       |       |     2 ||     2
  Eat: Chunk             |     1 |     8 |    12 ||    21
       Ration            |       |     1 |       ||     1
Armor: Scale mail        |    46 |     7 |       ||    53
       Chain mail        |       |    55 |   129 ||   184
Dodge: Dodged            |    21 |    21 |    58 ||   100
Block: Shield            |    43 |    62 |   152 ||   257
       Rpst.: Long sword |     6 |     6 |    16 ||    28
       Double sword      |       |       |     2 ||     2
